Cogmind - Beta 11.1 @@@ ROGUE MODE // 2022.06.09 @ 18:21:57 Player: Savant Result: Escaped! Performance ------------- Evolutions (9) 4500 Regions Visited (28) 5600 Robots Destroyed (400) 2000 Value Destroyed (20397) 20397 Prototype IDs (96) 1920 Alien Tech Used (0) 0 Bonus (20275) 20275 TOTAL SCORE: 54692 Bonus ------- Triggered High Security 1000 High Alert Combat Kills 5451 Follower Combat Kills 6984 Entered Garrisons 1000 Used RIF Installer 2500 Met Imprinter 300 Built Enhanced Grunts 300 A7 Reached Mainframe 300 Win 3000 Friendly Fire -560 Cogmind --------- Core Integrity 1287/1600 Matter 77/300 Energy 310/940 System Corruption 1% Temperature Cool (16) Movement Treading (248) Ox1 Location To Epsilon Eridani Parts ------- > --- POWER (2) -------- Particle Reactor > --- PROPULSION (6) --- Biometal Medium Treads Armored Heavy Treads Improved Heavy Siege Treads Biometal Leg > --- UTILITY (14) ----- 2N-1CE's Frost Array Huge Storage Unit Experimental Energy Well Quantum Capacitor Medium Regenerative Plating SHELL Armor Graphene Brace Experimental Focal Shield Advanced Thermal Defense Suite Relay Coupler [Hunter] (2) Relay Coupler [Programmer] (15) > --- WEAPON (3) ------- Improved Potential Cannon Advanced Remote Datajack > --- INVENTORY (25) --- Biometal Leg Wheel Wheel Centrium Wheel Experimental Coolant Injector Improved Matter Compressor (0) Authchip [Propulsion] Advanced Component Analysis Suite Advanced System Restoration Module Enhanced Nova Cannon Enhanced Nova Cannon Improved Potential Cannon Heavy Linear Accelerator Precision Grenade Launcher Nanosword Peak State ------------ > --- POWER ------------ Particle Reactor Improved Quantum Reactor > --- PROPULSION ------- Advanced VSS Leg Advanced VSS Leg Enhanced Biometal Leg Myomer Exoskeleton > --- UTILITY ---------- 2N-1CE's Frost Array Huge Storage Unit Advanced Phase Shifter Medium Regenerative Plating Medium Regenerative Plating SHELL Armor Graphene Brace Experimental Focal Shield Advanced Thermal Defense Suite Relay Coupler [Swarmer] Relay Coupler [Hunter] Relay Coupler [Programmer] > --- WEAPON ----------- Enhanced Nova Cannon Improved Potential Cannon > --- INVENTORY -------- Particle Reactor Quantum Reactor Biometal Medium Treads Improved Heavy Siege Treads Myomer Leg Enhanced Biometal Leg Experimental Coolant Injector Experimental Energy Well Improved Matter Compressor Medium Regenerative Plating Authchip [Propulsion] Advanced Component Analysis Suite Advanced System Restoration Module Nova Cannon Enhanced Nova Cannon Cooled Nova Cannon Improved Potential Cannon Precision Grenade Launcher Advanced Remote Datajack Advanced Remote Datajack Nanosword [Rating: 237] Favorites ----------- Power Antimatter Reactor Engine F-cell Engine Power Core Micro Nuclear Core Reactor Antimatter Reactor Propulsion Combat Airjet Treads Improved Treads Leg Flexi-carbon Leg Wheel Wheel Hover Unit Combat Airjet Flight Unit Nuclear Pulse Thruster Utility Large Storage Unit Device Graphene Brace Storage Large Storage Unit Processor Advanced Visual Processing Unit Hackware Relay Coupler [Programmer] Protection Centrium Medium Armor Plating Weapon Impact Mace Energy Gun Cooled Plasma Rifle Energy Cannon HERF Cannon Ballistic Gun Precision Assault Rifle Ballistic Cannon Light Cannon Launcher Precision Grenade Launcher Special Weapon Remote Datajack Impact Weapon Impact Mace Slashing Weapon Phasing Sabre Piercing Weapon Lance Special Melee Weapon Advanced Datajack Build | -11 -10 -10 -10 -9 -8 -7 -7 -7 -7 -6 -6 -6 -6 -6 -5 -5 -5 -5 -5 -5 -4 -4 -4 -4 -3 -3 -2 -1 ------- Run | Scr Mat Min Exi Min Mat Fac Low Low Zio Pro Fac Gar Fac Gar Fac Ext Cet Arc Hub Gar Fac Gar Fac Gar Res Tes Res Acc Slots Evolved 18 | . . . . . 4 2 . . . . 2 . . . 2 . . . . . 2 . . . 2 . 2 2 Power 1 | . . . . . . . . . . . . . . . . . . . . . . . . . . . 1 . Propulsion 4 | . . . . . 2 . . . . . 1 . . . . . . . . . . . . . . . 1 . Utility 12 | . . . . . 2 2 . . . . 1 . . . 2 . . . . . 2 . . . 1 . . 2 Weapon 1 | . . . . . . . . . . . . . . . . . . . . . . . . . 1 . . . Parts Attached 684 | 6 17 6 5 17 34 83 7 22 4 16 40 13 23 23 7 43 11 8 1 31 72 16 15 19 16 61 28 40 Power 40 | 1 2 . . 1 3 5 . . . . 5 1 1 . 1 1 1 2 . 1 4 . . . . 3 4 4 Engine 11 | 1 1 . . . 2 2 . . . . 1 1 1 . 1 1 . . . . . . . . . . . . Core 11 | . 1 . . 1 1 3 . . . . 4 . . . . . 1 . . . . . . . . . . . Reactor 18 | . . . . . . . . . . . . . . . . . . 2 . 1 4 . . . . 3 4 4 Propulsion 123 | 2 9 3 . 10 8 15 . 1 1 1 12 . 4 . . 9 3 1 . 3 9 . 3 5 5 5 1 13 Treads 34 | 1 5 1 . 5 3 3 . . . . . . . . . . 2 1 . 1 5 . . . 3 1 . 3 Leg 27 | . . . . . 1 1 . . . . . . . . . 1 . . . 2 2 . 3 5 1 4 1 6 Wheel 28 | 1 4 2 . 5 4 6 . . . . . . . . . . . . . . 1 . . . 1 . . 4 Hover 29 | . . . . . . 5 . 1 1 1 7 . 4 . . 8 1 . . . 1 . . . . . . . Flight 5 | . . . . . . . . . . . 5 . . . . . . . . . . . . . . . . . Utility 250 | 1 3 1 1 1 8 42 3 14 2 8 20 6 9 11 4 14 2 4 1 10 21 9 3 3 4 25 10 10 Device 133 | . . 1 . 1 2 24 2 11 1 3 9 6 4 8 2 8 1 1 . 2 11 6 2 1 1 16 6 4 Storage 15 | 1 1 . 1 . 1 1 . . . . 1 . . . . . . . . . 1 . . . 1 5 . 2 Processor 13 | . 2 . . . 1 1 . 2 . . 2 . . . . 2 . . . . 2 . . . 1 . . . Hackware 36 | . . . . . . 2 . . . . 6 . 3 1 1 . . . 1 7 4 3 1 2 1 3 1 . Protection 53 | . . . . . 4 14 1 1 1 5 2 . 2 2 1 4 1 3 . 1 3 . . . . 1 3 4 Artifact . | . . . . . . . . . . . . . . . . . . . . . . . . . . . . . Weapon 271 | 2 3 2 4 5 15 21 4 7 1 7 3 6 9 12 2 19 5 1 . 17 38 7 9 11 7 28 13 13 Energy Gun 10 | . . . . . 2 . . . . . . . . . . . . . . . 4 . . . . 4 . . Energy Cannon 58 | . . . . . 1 2 1 1 . . 1 1 2 3 . 2 . . . 2 13 1 3 2 4 4 11 4 Ballistic Gun 31 | 2 . . . 1 8 8 . . . . . . . . . . 1 . . 6 5 . . . . . . . Ballistic Cannon 8 | . 3 1 2 2 . . . . . . . . . . . . . . . . . . . . . . . . Launcher 24 | . . 1 . 2 1 1 1 2 1 3 1 1 . 1 . 1 2 . . 1 . 2 . . . . . 3 Special Weapon 56 | . . . . . . . . . . 2 . . 3 3 1 7 . . . 6 9 3 3 . 2 11 2 4 Impact Weapon 29 | . . . 1 . 3 10 2 4 . 2 1 2 1 . 1 1 1 . . . . . . . . . . . Slashing Weapon 23 | . . . . . . . . . . . . . . . . 7 1 1 . 2 3 . . . . 7 . 2 Piercing Weapon 18 | . . . . . . . . . . . . 2 3 5 . 1 . . . . . . . 4 1 2 . . Special Melee Weapon 14 | . . . 1 . . . . . . . . . . . . . . . . . 4 1 3 5 . . . . Unidentified Prototypes 8 | . . . . . 1 . . . . 1 1 . . . . . 1 . . . . . . . 1 2 1 . Corrupted Parts 9 | . . . . . . 1 . . . . . 1 . . . . . . . . 1 . . 3 . 3 . . System Corruption 49 | . . . . . . 3 . . . . . 2 . . . . . . . . 4 . . 9 . 31 . . Parts Lost 102 | . 1 1 . 2 5 21 . . . 1 9 4 . . 1 7 8 . . 6 9 1 . 3 3 . 5 15 Power 16 | . 1 . . . 1 4 . . . . 1 1 . . 1 . 1 . . 1 1 . . . . . 1 3 Propulsion 42 | . . . . 1 3 12 . . . . 6 1 . . . 4 3 . . 1 3 1 . . 1 . . 6 Utility 33 | . . 1 . 1 . 4 . . . 1 2 1 . . . 3 3 . . 4 4 . . 1 1 . 3 4 Weapon 11 | . . . . . 1 1 . . . . . 1 . . . . 1 . . . 1 . . 2 1 . 1 2 Highest Loss Streak 8 | . 1 1 . 2 2 8 . . . 1 4 2 . . 1 3 6 . . 3 2 1 . 1 3 . 5 7 To Critical Strikes 1 | . . . . . . . . . . . . . . . . . 1 . . . . . . . . . . . Average Slot Usage (%) 91 | . 93 99 100 98 98 98 100 100 99 99 93 96 94 100 98 96 80 83 88 88 84 76 85 87 79 77 80 79 Engine 2 | . 11 . . . 5 4 . . . . . 5 6 6 5 5 . . . . . . . . . . . . Core 2 | . 2 14 14 14 3 2 7 7 7 7 4 . . . . . 4 . . . . . . . . . . . Reactor 2 | . . . . . . . . . . . . . . . . . . 4 5 4 4 5 5 5 4 4 8 7 Treads 7 | . 15 14 14 14 18 10 . . . . . . . . . . 2 15 17 16 11 11 6 4 4 3 . 4 Leg 2 | . . . . . . 1 . . . . . . . . . . . . . 4 1 . 10 15 10 5 17 10 Wheel 3 | . 12 13 14 13 17 13 . . . . . . . . . . . . . . 2 . . . . . . 1 Hover 9 | . . . . . . 3 30 30 30 30 22 30 27 33 29 27 14 . . . . . . . . . . . Device 10 | . . 4 14 12 12 8 15 10 7 10 3 10 6 3 10 11 5 3 5 8 10 13 15 18 19 19 14 20 Storage 6 | . 14 14 14 14 9 7 7 7 7 7 6 6 6 6 5 5 5 5 5 5 5 5 5 5 4 6 4 6 Processor 9 | . 8 8 . . 4 14 15 19 23 23 13 13 13 13 11 12 17 15 11 1 5 5 5 5 4 4 2 . Hackware 14 | . . . . . . 7 7 7 4 . 18 13 18 16 16 13 11 11 12 23 27 22 26 21 19 20 19 9 Protection 3 | . . . . . 8 5 . . 2 4 2 1 . 5 5 4 4 12 15 7 2 1 . . . . 4 10 Energy Cannon 1 | . . . . . 4 . . . . . . . . 1 . . . . . 1 4 5 5 4 4 3 5 4 Ballistic Gun 2 | . 19 . . 12 9 6 . . . . . . . . . . . 2 . 3 . . . . . . . . Special Weapon 1 | . . . . . . . . . . . . . 4 1 3 1 . . . 2 2 3 4 . 1 2 2 1 Impact Weapon 3 | . . . 12 . 1 8 15 14 12 10 8 9 3 4 4 4 . . . . . . . . . . . . Naked Turns . | . . . . . . . . . . . . . . . . . . . . . . . . . . . . . Heaviest Build 210 | 14 31 32 52 54 109 121 41 35 40 53 48 50 48 57 57 62 50 71 70 72 79 80 59 61 72 134 187 210 Greatest Support 185 | 20 23 16 10 46 32 40 34 35 35 34 60 60 64 65 61 61 107 135 135 137 185 175 100 100 140 148 166 185 Greatest Overweight (x) 11 | . 2 3 5 5 6 11 1 1 1 1 2 . . . . 1 . . . . 2 . 1 1 4 4 1 7 Average Overweight (x) . | . . 1 2 3 2 2 . . . 1 . . . . . . . . . . . . . . . . . 2 Largest Inventory Capacity 25 | 8 15 15 20 20 25 25 15 15 15 15 15 15 15 15 15 15 15 15 15 15 15 15 15 15 15 25 25 25 Average Capacity 16 | 7 10 15 15 20 22 23 15 15 15 15 15 15 15 15 15 15 15 15 15 15 15 15 15 15 15 17 25 25 Most Carried 25 | 5 13 13 13 17 25 25 15 15 15 15 15 15 15 15 15 15 15 15 15 15 15 15 15 15 15 25 25 25 Average Carried 16 | 2 8 12 12 15 22 23 14 14 14 14 14 14 14 14 14 14 14 14 15 14 14 14 14 13 13 15 23 19 Final Capacity 25 | 8 15 15 20 20 25 15 15 15 15 15 15 15 15 15 15 15 15 15 15 15 15 15 15 15 15 25 25 25 Final Carried 25 | 5 12 12 13 17 25 15 15 15 15 12 15 15 15 15 13 15 14 15 15 15 15 15 15 15 15 24 25 17 Class Distribution -------------------- 40% | Bothacker-Mutant 22% | Mutant 13% | Botlord-Mutant 8% | Scavenger-Mutant 6% | Hacker-Mutant 4% | Scavenger-Scout 3% | Assassin Dominant Class ---------------- Mutant | -10/Materials Mutant | -10/Mines Mutant | -10/Exiles Mutant | -9/Mines Mutant | -8/Materials Scavenger-Mutant | -7/Factory Scavenger-Scout | -7/Lower Caves Mutant | -7/Lower Caves Mutant | -7/Zion Assassin | -6/Proximity Caves Hacker-Mutant | -6/Factory Hacker-Mutant | -6/Garrison Bothacker-Mutant | -6/Factory Bothacker-Mutant | -6/Garrison Bothacker-Mutant | -5/Factory Bothacker-Mutant | -5/Extension Bothacker-Mutant | -5/Cetus Bothacker-Mutant | -5/Archives Bothacker-Mutant | -5/Hub_04(d) Bothacker-Mutant | -5/Garrison Bothacker-Mutant | -4/Factory Bothacker-Mutant | -4/Garrison Botlord-Mutant | -4/Factory Botlord-Mutant | -4/Garrison Botlord-Mutant | -3/Research Botlord-Mutant | -3/Testing Bothacker-Mutant | -2/Research Mutant | -1/Access Resources | -11 -10 -10 -10 -9 -8 -7 -7 -7 -7 -6 -6 -6 -6 -6 -5 -5 -5 -5 -5 -5 -4 -4 -4 -4 -3 -3 -2 -1 ----------- Run | Scr Mat Min Exi Min Mat Fac Low Low Zio Pro Fac Gar Fac Gar Fac Ext Cet Arc Hub Gar Fac Gar Fac Gar Res Tes Res Acc Matter Collected 12224 | 171 516 268 202 290 759 1208 124 271 73 291 480 125 125 446 20 957 166 108 10 597 1069 337 137 450 93 1373 740 818 Remotely . | . . . . . . . . . . . . . . . . . . . . . . . . . . . . . Salvage Created 17079 | . 635 61 . 392 1551 1597 30 213 . 651 812 604 182 472 20 1572 89 258 148 662 1643 503 151 584 . 307 1724 2218 Parts 736 | . 32 2 . 24 99 76 3 11 . 22 34 16 4 14 3 43 6 14 11 26 88 29 4 19 . 21 59 76 Haulers Intercepted 3 | . . . . . 1 1 . 1 . . . . . . . . . . . . . . . . . . . . Recyclers Shooed 8 | . . . . . 1 1 . . . . . . . . . 1 . . . . 1 . 1 . 1 . 1 1 Parts Field Recycled . | . . . . . . . . . . . . . . . . . . . . . . . . . . . . . Retrieved Matter . | . . . . . . . . . . . . . . . . . . . . . . . . . . . . . Parts Self-Destructed 20 | . . . . . . . 2 7 . 11 . . . . . . . . . . . . . . . . . . Prevented 1 | . . . . . . . 1 . . . . . . . . . . . . . . . . . . . . . Kills | -11 -10 -10 -10 -9 -8 -7 -7 -7 -7 -6 -6 -6 -6 -6 -5 -5 -5 -5 -5 -5 -4 -4 -4 -4 -3 -3 -2 -1 ------- Run | Scr Mat Min Exi Min Mat Fac Low Low Zio Pro Fac Gar Fac Gar Fac Ext Cet Arc Hub Gar Fac Gar Fac Gar Res Tes Res Acc Combat Hostiles Destroyed 330 | . 16 5 . 7 32 34 1 9 . 23 17 15 3 11 . 29 2 1 2 19 23 16 2 9 . 4 21 29 Melee 55 | . . . . . . 9 . . . . 7 11 3 6 . 10 . . 2 6 . . . . . . . 1 Guns 65 | . 12 . . 3 25 14 . . . . . . . . . . . 1 . 4 4 . . . . 2 . . Cannons 63 | . 4 5 . 1 4 . 1 1 . 3 . . . . . 3 . . . 1 11 7 2 4 . 1 7 8 AOE 107 | . . . . 3 2 4 . 8 . 19 6 . . 3 . 13 2 . . 8 . 9 . 1 . 1 9 19 Classes Destroyed 21 | . 3 1 . 4 3 2 . . . 2 . . . . . 3 . . . . 2 . . . . . . 1 Worker 20 | . . . . 2 1 8 . . . . 2 . . . . . . . . . 1 . . . . 1 3 2 Builder 15 | . . . . 2 . . . . . . 2 . . . . 1 . . 1 . 4 . . . . . 1 4 Tunneler 2 | . . . . 1 . . . . . . . . . . 1 . . . . . . . . . . . . . Hauler 3 | . . . . . 1 1 . 1 . . . . . . . . . . . . . . . . . . . . Recycler 16 | . 2 . . 2 1 1 . . . . 2 . . . . 3 . . . . . . . . . . 1 4 Mechanic 1 | . . . . . . . . . . 1 . . . . . . . . . . . . . . . . . . Operator 4 | . . . . . . . . . . . . . . . . 1 . 2 1 . . . . . . . . . Watcher 10 | . . . . . 5 2 . . . . . . 1 . . . 1 . . . . . . . . . 1 . Swarmer 74 | . 6 . . . 9 7 1 4 . 1 7 4 . 3 . 1 1 . . 10 4 14 . 2 . . . . Cutter 2 | . . . . . . . . . . . . . . . . . . . . . 2 . . . . . . . Grunt 149 | . 10 2 . 6 15 17 . 5 . 12 3 6 3 5 . 15 1 . 1 7 5 3 2 7 . 2 8 14 Brawler 7 | . . . . 1 . . . . . 2 . . . . . 2 . . . . 2 . . . . . . . Duelist 7 | . . . . . . . . . . 5 . . . . . 1 . . . . . . . . . . . 1 Protector 5 | . . . . . . . . . . . . . . . . 3 . . . . . . . . . . . 2 Sentry 25 | . . . . . 8 3 . . . 1 1 3 . 1 . 2 . 1 . . 3 . . . . . 2 . Specialist 3 | . . . . . . . . . . . . . . . . 2 . . . . 1 . . . . . . . Hunter 36 | . . . . . . 2 . . . 2 4 . . 2 . 2 . . 1 2 2 . . . . . 11 8 Programmer 18 | . . . . . . 5 . . . . 2 2 . . . 1 . . . . 3 . . . . 2 . 3 Heavy 1 | . . . . . . . . . . . . . . . . . . . . . . . . . . . . 1 Enhanced Grunt 1 | . . . . . . . . . . . . . . . . . . 1 . . . . . . . . . . Striker 1 | . . . . . . . . . . . . . . . . . . . . . 1 . . . . . . . Assembled 3 | . . 3 . . . . . . . . . . . . . . . . . . . . . . . . . . Best Kill Streak 13 | . 3 3 . 8 10 8 1 5 . 13 4 3 2 3 1 10 2 2 1 8 8 7 2 4 . 1 7 9 Combat Bots Only 13 | . 3 3 . 3 9 5 1 5 . 13 3 3 2 3 . 10 2 1 1 8 2 7 2 4 . 1 6 7 Max Kills in Single Turn 5 | . 1 1 . 3 2 3 1 3 . 4 3 1 1 3 1 3 2 1 1 3 1 3 1 1 . 1 5 5 Gunslinging 1 | . . . . . 1 . . . . . . . . . . . . . . . . . . . . . . . Exploded 4 | . . . . 1 2 2 . 3 . 3 3 . . 3 . 3 2 . . 3 . 3 . 1 . 1 3 4 Melee 1 | . . . . . . 1 . . . . 1 1 1 1 . 1 . . 1 1 . . . . . . . 1 Uniques/NPCs Destroyed . | . . . . . . . . . . . . . . . . . . . . . . . . . . . . . Combat | -11 -10 -10 -10 -9 -8 -7 -7 -7 -7 -6 -6 -6 -6 -6 -5 -5 -5 -5 -5 -5 -4 -4 -4 -4 -3 -3 -2 -1 -------- Run | Scr Mat Min Exi Min Mat Fac Low Low Zio Pro Fac Gar Fac Gar Fac Ext Cet Arc Hub Gar Fac Gar Fac Gar Res Tes Res Acc Damage Taken 28997 | . 592 177 . 320 1181 3553 29 225 . 651 1432 1247 194 1036 98 1380 600 30 202 2527 2839 533 67 766 337 1656 2554 4771 Core 3000 | . 100 48 . 52 169 463 . 17 . 122 195 147 58 133 . 185 117 . . 193 165 32 . 22 . 246 223 313 Absorbed by Shields 91 | . . . . . . . . . . . . . . . . 57 34 . . . . . . . . . . . Reduced by Siege Mode 84 | . . . . . . . . . . . . . . . . . . . . 36 . . . . . . . 48 Redirected to Shielding 104 | . . . . . . . . . . . . . . . . . . . . . 104 . . . . . . . Regen/Repaired (Parts) 3352 | . . . . . . . . . 418 . 353 . 470 . 210 . . . . . 260 . 17 . . . 256 1368 Core Remaining (%) 61 | 100 . . . 20 69 . . . . 14 . . . 37 . . . . . 50 . . . 80 . 81 84 80 Volleys Fired 1092 | . 47 14 . 22 80 62 2 14 . 23 6 4 17 38 . 58 5 7 . 54 179 42 36 50 15 110 107 100 Largest 2 | . 2 2 . 2 2 2 1 2 . 1 1 1 1 1 . 1 1 1 . 2 2 2 1 1 2 1 1 2 Hottest 240 | . 70 70 . 68 108 80 69 116 . 36 90 90 90 90 . 90 36 35 . 125 193 124 105 105 223 150 200 240 Shots Fired 1379 | . 94 26 . 39 153 118 2 15 . 23 6 4 17 38 . 58 5 7 . 81 226 43 36 50 16 111 107 104 Gun 437 | . 78 . . 17 118 112 . . . . . . . . . . 1 7 . 40 60 . . . . 4 . . Cannon 533 | . 16 26 . 17 34 1 2 7 . . 2 4 4 30 . 5 . . . 17 113 29 14 34 11 29 85 53 Launcher 67 | . . . . 5 1 5 . 8 . 13 4 . . 2 . . 4 . . 4 . 6 . . . . . 15 Special 342 | . . . . . . . . . . 10 . . 13 6 . 53 . . . 20 53 8 22 16 5 78 22 36 Kinetic 447 | . 94 26 . 34 99 112 . . . . . . . . . . 1 7 . 40 34 . . . . . . . Thermal 342 | . . . . . 53 1 . 7 . . 2 4 4 30 . 5 . . . 17 71 3 9 1 7 14 61 53 Explosive 87 | . . . . 5 1 5 . 8 . 23 4 . . 2 . 10 4 . . 4 . 6 . . . . . 15 Electromagnetic 181 | . . . . . . . 2 . . . . . . . . . . . . . 68 26 5 33 4 19 24 . Robot Hit Streak 33 | . 14 5 . 10 16 12 1 3 . 24 27 . 33 12 . 19 3 4 . 18 13 4 10 7 5 9 11 13 Robot Miss Streak 7 | . 4 2 . 4 2 7 1 1 . . . . 1 . . 2 1 1 . 3 4 2 1 2 1 4 2 3 Penetration Max 1 | . . . . . . . . . . . . . . . . . . . . 1 1 . . . . . . . Secondary Targets 8 | . 2 . . . 2 3 . . . . . . . . . . . . . . 1 . . . . . . . Max Gunslinging Chain 1 | . 1 . . . 1 1 . . . . . . . . . . . . . . 1 . . . . . . . Capacitor 272 | . . . . . . . . . . . . . . . . . . . . . 41 28 14 34 9 31 75 40 Shots Hit Robots 1160 | . 64 13 4 21 110 138 1 9 . 22 33 48 17 31 1 86 11 8 9 72 135 25 27 36 10 74 73 82 Core Hits 595 | . 25 8 . 19 60 79 1 21 . 44 14 8 3 9 1 56 23 5 3 29 35 23 5 11 1 9 35 68 Critical Kills 19 | . 1 . . . 1 4 . . . . 1 2 . 3 . 1 . 2 . . 2 . . . . . 1 1 Critical Parts Destroyed 43 | . 1 . . . 2 9 . 1 . . 6 10 . 4 . 2 2 . . 3 3 . . . . . . . Critical Strikes 89 | . 2 . . . 8 13 . 1 . 4 8 13 . 9 . 8 2 3 . 4 7 . . 2 . . 2 3 Burn 5 | . . . . . 5 . . . . . . . . . . . . . . . . . . . . . . . Meltdown 3 | . . . . . 1 . . . . . . . . . . . . . . . . . . . . . 1 1 Destroy 16 | . 2 . . . 1 1 . . . . . . . . . . 1 3 . 3 5 . . . . . . . Corrupt 4 | . . . . . . . . . . . . . . . . . . . . . 2 . . 1 . . 1 . Smash 47 | . . . . . 1 12 . 1 . . 8 13 . 8 . 3 1 . . . . . . . . . . . Sever 12 | . . . . . . . . . . 4 . . . . . 5 . . . 1 . . . . . . . 2 Impale 2 | . . . . . . . . . . . . . . 1 . . . . . . . . . 1 . . . . Melee Attacks 633 | . . . 4 . 4 126 33 10 2 23 82 67 35 52 11 59 9 3 17 20 18 . 6 16 4 16 . 16 Impact 462 | . . . . . 4 126 33 10 2 23 82 65 24 39 10 41 3 . . . . . . . . . . . Slashing 94 | . . . . . . . . . . . . . . . . 13 6 3 17 20 7 . . . . 12 . 16 Piercing 43 | . . . . . . . . . . . . 2 11 13 1 5 . . . . . . . 7 . 4 . . Sneak Attacks 48 | . . . 4 . 1 4 . . . . 7 . 2 3 1 11 . 3 4 1 2 . 2 . 1 2 . . Combat Hostiles 13 | . . . . . . . . . . . . . 2 3 . 6 . . . 1 1 . . . . . . . Follow-up Attacks 34 | . . . . . . 6 . . . . 1 9 . 5 . 9 2 1 1 . . . . . . . . . Damage Inflicted 53410 | . 811 226 . 870 2450 4813 26 970 . 3988 2766 2245 384 1425 100 6206 1263 490 632 2626 3159 1540 233 1077 163 967 5693 8287 Guns 6625 | . 625 . . 279 1686 1877 . . . . . . . . . . 29 150 . 857 967 . . . . 155 . . Cannons 11369 | . 186 226 . 157 577 . 26 97 . . 64 . . . . 136 . . . 364 2067 618 194 840 90 519 2898 2310 Explosions 20970 | . . . . 434 125 466 . 791 . 3643 842 . . 202 . 3434 837 . . 781 . 922 . 177 . 133 2789 5394 Melee 13690 | . . . . . 62 2467 . 82 . 35 1860 2245 384 1223 100 2329 397 340 632 624 119 . . 60 . 148 . 583 Ramming 139 | . . . . . . 3 . . . . . . . . . . . . . . 6 . 39 . 73 12 6 . Kinetic 6352 | . 811 226 . 436 1375 1877 . . . . . . . . . . 29 150 . 857 591 . . . . . . . Thermal 14590 | . . . . . 888 238 . 97 . . 546 . . . . 136 . . . 364 763 37 . 177 . 368 5301 5675 Explosive 13786 | . . . . 434 125 228 . 791 . 3643 360 . . 202 . 3434 837 . . 781 . 922 . . . . . 2029 Electromagnetic 4236 | . . . . . . . 26 . . . . . . . . . . . . . 1680 581 194 840 90 439 386 . Impact 9910 | . . . . . 62 2467 . 82 . 35 1860 2245 384 978 100 1536 161 . . . . . . . . . . . Slashing 3874 | . . . . . . . . . . 310 . . . . . 882 236 340 632 624 119 . . . . 148 . 583 Piercing 523 | . . . . . . . . . . . . . . 245 . 218 . . . . . . . 60 . . . . Highest Corruption 32 | . . 3 3 3 . 3 . . . . 2 2 . 1 . . . . . . 4 2 . 9 6 32 . 4 Average Corruption 2 | . . 3 3 3 . 1 . . . . 1 1 . 1 . . . . . . 1 1 . 7 3 5 . 2 Corruption Purged 37 | . . . . . . 8 . . . . 2 2 . . . . . . . . 6 2 . . 6 7 . 4 Corruption Blocked 30 | . . . . . . . . . . . . . . . . . . . . . . . . . . 30 . . Effects 52 | . . 4 . 9 . 12 . . . . 1 . . . . . . . . . . . . 2 3 15 . 6 Message Errors 10 | . . . . 2 . 1 . . . . 1 . . . . . . . . . . . . . 1 3 . 2 Matter Fused 14 | . . 1 . 3 . 4 . . . . . . . . . . . . . . . . . 1 . 5 . . Heat Flow Errors 12 | . . 2 . 1 . 3 . . . . . . . . . . . . . . . . . . 1 2 . 3 Energy Discharges 2 | . . . . 1 . . . . . . . . . . . . . . . . . . . . 1 . . . Parts Rejected 2 | . . . . . . . . . . . . . . . . . . . . . . . . . . 1 . 1 Data Loss (minor) 5 | . . . . 2 . 1 . . . . . . . . . . . . . . . . . 1 . 1 . . Data Loss (major) 5 | . . 1 . . . 2 . . . . . . . . . . . . . . . . . . . 2 . . Misfires 1 | . . . . . . . . . . . . . . . . . . . . . . . . . . 1 . . Alerts 1 | . . . . . . 1 . . . . . . . . . . . . . . . . . . . . . . Overload Shots 4 | . . . . . . . . . . . . . . . . . . . . . . . . . . 1 . 3 Effects 1 | . . . . . . . . . . . . . . . . . . . . . . . . . . . . 1 Heat Surge 1 | . . . . . . . . . . . . . . . . . . . . . . . . . . . . 1 Overflow Damage 5105 | . . . . . 62 850 . 91 . 34 723 632 63 323 . 702 75 130 202 60 24 54 . 5 . 84 406 585 Projectiles 641 | . . . . . . . . 9 . . 4 . . . . . . . . 9 12 44 . . . 16 235 312 Explosions 719 | . . . . . . . . . . 14 92 . . . . 111 19 . . 51 . 10 . . . . 171 251 Melee 3745 | . . . . . 62 850 . 82 . 20 627 632 63 323 . 591 56 130 202 . 12 . . 5 . 68 . 22 Knockbacks 30 | . 3 2 . 1 . 8 . . . . 6 1 . 2 . 3 1 . . . . . 1 . 1 1 . . Impact 22 | . . . . . . 7 . . . . 6 1 . 2 . 2 1 . . . . . 1 . 1 1 . . Kinetic 6 | . 3 2 . 1 . . . . . . . . . . . . . . . . . . . . . . . . Secondary 2 | . . . . . . 1 . . . . . . . . . 1 . . . . . . . . . . . . Self-Inflicted Damage 604 | . . . . . 22 . . 26 . 31 122 . . 21 . . . . . 102 . 13 . . . 66 69 132 Shots 14 | . . . . . 1 . . 1 . 1 2 . . 1 . . . . . 3 . 1 . . . 1 1 2 Rammed 5 | . 1 . . . . 2 . . . . . . . . . . . . . . 1 . . . 1 . . . Targets Rammed 13 | . 1 . . . . 2 . . . . . . . . . . . . . . 1 . 3 . 4 1 1 . Kicked 8 | . . . . . . . . . . . . . . . . . . . . . . . 3 . 3 1 1 . Crushed . | . . . . . . . . . . . . . . . . . . . . . . . . . . . . . Highest Temperature 312 | . 60 142 . 279 228 221 40 3 . 30 72 70 90 270 . 152 15 . . 10 312 249 168 181 122 198 94 148 Average Temperature 65 | . 22 48 . 70 55 59 23 3 . 12 35 25 37 105 . 54 9 . . 4 64 78 57 84 57 93 75 73 Received Heat Transfer 5424 | . 213 48 . 174 540 1092 . 108 . 255 102 387 45 297 . 357 128 9 57 432 349 45 9 81 18 108 363 207 Effects 2 | . . . . . . 1 . . . . . . . 1 . . . . . . . . . . . . . . Energy Bleed 1 | . . . . . . . . . . . . . . 1 . . . . . . . . . . . . . . Interference 1 | . . . . . . 1 . . . . . . . . . . . . . . . . . . . . . . Siege Activations 4 | . . . . . . . . . . . . . . . . . . . . 1 2 . . . . . . 1 Total Turns 185 | . . . . . . . . . . . . . . . . . . . . 19 17 . . . . . . 149 Longest Duration 149 | . . . . . . . . . . . . . . . . . . . . 19 9 . . . . . . 149 Robots Corrupted 15 | . . . . . . . . . . . . . . . . . . . . . 8 . . 4 . . 3 . Combat Hostiles 15 | . . . . . . . . . . . . . . . . . . . . . 8 . . 4 . . 3 . Parts Fried 71 | . . . . . . 13 . 1 . . 12 2 5 1 . 14 . . . . 10 2 . 6 . 1 3 1 Impact Corruptions 106 | . . . . . 1 29 . 2 . 1 25 21 2 8 . 16 1 . . . . . . . . . . . Robots Melted 4 | . . . . . 1 . . . . . . . . . . . . . . . . . . . . . 2 1 Combat Hostiles 4 | . . . . . 1 . . . . . . . . . . . . . . . . . . . . . 2 1 Parts Melted 23 | . . . . . 6 . . . . . 1 . . . . 1 . . . . . . . . . . 3 12 Heat Transferred 14019 | . . . . . 1850 250 . 200 . . 400 . . . . 250 . . . 550 1083 37 . 100 . 285 4487 4527 Parts Sabotaged . | . . . . . . . . . . . . . . . . . . . . . . . . . . . . . Parts Stolen . | . . . . . . . . . . . . . . . . . . . . . . . . . . . . . Parts Stripped . | . . . . . . . . . . . . . . . . . . . . . . . . . . . . . Power Chain Reactions 2 | . . . . . . . . . . . . . . . . . . . . . . . . 1 . 1 . . Missiles Intercepted . | . . . . . . . . . . . . . . . . . . . . . . . . . . . . . Alert | -11 -10 -10 -10 -9 -8 -7 -7 -7 -7 -6 -6 -6 -6 -6 -5 -5 -5 -5 -5 -5 -4 -4 -4 -4 -3 -3 -2 -1 ------- Run | Scr Mat Min Exi Min Mat Fac Low Low Zio Pro Fac Gar Fac Gar Fac Ext Cet Arc Hub Gar Fac Gar Fac Gar Res Tes Res Acc Peak Influence 2199 | . 313 103 . 275 557 654 . . . . 528 843 469 607 435 1084 936 576 783 951 1116 1451 778 1037 882 714 1990 2199 Initial 1193 | . . 63 . . 107 217 . . . . 160 358 442 22 318 158 584 374 201 303 499 767 761 239 582 405 344 1193 Average 544 | . 170 64 . 64 388 262 . . . . 402 671 330 342 352 588 683 530 501 787 525 1226 417 648 708 504 1021 1597 Maximum Alert Level 5 | . 1 . . 1 2 2 . . . . 2 3 2 2 2 3 3 2 3 3 4 4 3 3 3 3 5 5 Low Security (%) 14 | 100 56 100 . 85 9 42 . . . . 2 . 10 37 . 2 . . . . 9 . 1 . . . . . Level 1 23 | . 43 . . 14 44 38 . . . . 33 6 49 27 76 16 . 9 16 5 22 . 61 19 . 10 27 . Level 2 35 | . . . . . 45 19 . . . . 64 39 40 35 23 58 79 90 72 25 40 . 14 36 27 87 10 . Level 3 17 | . . . . . . . . . . . . 53 . . . 22 20 . 10 68 26 20 22 43 72 2 18 . Level 4 5 | . . . . . . . . . . . . . . . . . . . . . . 79 . . . . 19 35 Level 5 . | . . . . . . . . . . . . . . . . . . . . . . . . . . . 2 30 High Security 1 | . . . . . . . . . . . . . . . . . . . . . . . . . . . 21 33 Max Security . | . . . . . . . . . . . . . . . . . . . . . . . . . . . . . Squads Dispatched 97 | . 3 . . 1 5 9 . . . 1 4 . 3 . 2 7 . . 2 . 17 . 4 . 1 12 12 14 Investigation 21 | . 3 . . 1 2 3 . . . . 2 . 1 . 2 2 . . . . 3 . . . . 1 . 1 Extermination 20 | . . . . . . 5 . . . . 1 . 1 . . . . . . . 5 . 1 . . 6 . 1 Reinforcement 26 | . . . . . . 1 . . . . . . 1 . . 1 . . 2 . 5 . 2 . . 5 6 3 Assault 25 | . . . . . 1 . . . . 1 1 . . . . 4 . . . . 3 . . . 1 . 5 9 Garrison 5 | . . . . . 2 . . . . . . . . . . . . . . . 1 . 1 . . . 1 . Intercept . | . . . . . . . . . . . . . . . . . . . . . . . . . . . . . Searches Triggered . | . . . . . . . . . . . . . . . . . . . . . . . . . . . . . Construction Impeded 5 | . . . . . . . . . . . . . . . . . . . . . 2 . . . . . 2 1 Haulers Reinforced 8 | . . . . . . 1 . . . . . . . . . . . . 1 . 1 . . . . . 3 2 Active Scanning Responses . | . . . . . . . . . . . . . . . . . . . . . . . . . . . . . Cargo Convoy Interrupts 1 | . . . . . . . . . . . . . . . . . . . . . 1 . . . . . . . Stealth | -11 -10 -10 -10 -9 -8 -7 -7 -7 -7 -6 -6 -6 -6 -6 -5 -5 -5 -5 -5 -5 -4 -4 -4 -4 -3 -3 -2 -1 --------- Run | Scr Mat Min Exi Min Mat Fac Low Low Zio Pro Fac Gar Fac Gar Fac Ext Cet Arc Hub Gar Fac Gar Fac Gar Res Tes Res Acc Distress Signals 24 | . . 1 . . 5 . . . . . . . . . . 1 1 . 2 . 3 . 1 . . 1 3 6 Communications Jammed 5 | . . . . . . . . . . . . . . . . . . . . . . . 1 . . 4 . . Distress Signals 5 | . . . . . . . . . . . . . . . . . . . . . . . 1 . . 4 . . Times Spotted 716 | . 22 5 . 12 47 49 1 8 . 24 29 16 11 23 4 61 12 4 14 36 105 28 13 29 11 49 48 55 Peak Tracking Total 13 | . 4 2 . 4 7 5 1 5 . 9 5 4 5 5 4 10 7 2 3 9 9 5 3 4 4 5 8 13 Tactical Retreats 43 | . . . . 2 2 3 . . . . 4 1 3 7 . 2 . . 2 2 3 7 . 2 . 1 . 2 Traps | -11 -10 -10 -10 -9 -8 -7 -7 -7 -7 -6 -6 -6 -6 -6 -5 -5 -5 -5 -5 -5 -4 -4 -4 -4 -3 -3 -2 -1 ------- Run | Scr Mat Min Exi Min Mat Fac Low Low Zio Pro Fac Gar Fac Gar Fac Ext Cet Arc Hub Gar Fac Gar Fac Gar Res Tes Res Acc Traps Triggered 27 | . 1 . . . 2 1 . . . . . 1 . 3 . 8 . . . 1 . . . 6 1 . 1 2 Indirectly . | . . . . . . . . . . . . . . . . . . . . . . . . . . . . . Trap Hack Attempts 13 | . . . . . . . . . . . . . . . . . . . . . . 12 . 1 . . . . Triggered . | . . . . . . . . . . . . . . . . . . . . . . . . . . . . . Disarmed . | . . . . . . . . . . . . . . . . . . . . . . . . . . . . . Reprogrammed 18 | . . . . . . . . . . . 10 . . . 6 . . . . . . 2 . . . . . . Reused 8 | . . . . . . . . . . . 3 . . . 4 . . . . . . 1 . . . . . . Traps Extracted . | . . . . . . . . . . . . . . . . . . . . . . . . . . . . . Installed . | . . . . . . . . . . . . . . . . . . . . . . . . . . . . . Triggered 11 | . . . . . . . . . . . 4 . . . 4 . . . . . . 1 . . . 1 . 1 Machines | -11 -10 -10 -10 -9 -8 -7 -7 -7 -7 -6 -6 -6 -6 -6 -5 -5 -5 -5 -5 -5 -4 -4 -4 -4 -3 -3 -2 -1 ---------- Run | Scr Mat Min Exi Min Mat Fac Low Low Zio Pro Fac Gar Fac Gar Fac Ext Cet Arc Hub Gar Fac Gar Fac Gar Res Tes Res Acc Machines Disabled 63 | . . . . . 1 1 . . . 1 5 1 . 2 2 2 1 2 3 3 10 2 . 5 . 15 3 4 Max in Single Turn 5 | . . . . . 1 1 . . . 1 5 1 . 1 1 1 . 1 . 1 1 1 . 1 . 1 . 1 Garrison Access 8 | . . . . . 1 1 . . . . 1 . . . 1 . . . . . 2 . . . 1 . 1 . Garrison Relay 12 | . . . . . . . . . . . . 1 . 2 . . . . . 3 . 2 . 4 . . . . Machines Sabotaged . | . . . . . . . . . . . . . . . . . . . . . . . . . . . . . Garrisons Compromised . | . . . . . . . . . . . . . . . . . . . . . . . . . . . . . Overloaded Fab Kills . | . . . . . . . . . . . . . . . . . . . . . . . . . . . . . Hacking | -11 -10 -10 -10 -9 -8 -7 -7 -7 -7 -6 -6 -6 -6 -6 -5 -5 -5 -5 -5 -5 -4 -4 -4 -4 -3 -3 -2 -1 --------- Run | Scr Mat Min Exi Min Mat Fac Low Low Zio Pro Fac Gar Fac Gar Fac Ext Cet Arc Hub Gar Fac Gar Fac Gar Res Tes Res Acc Machines Accessed 117 | . 9 . 1 1 8 18 1 . . . 17 . 6 . 9 12 1 . 5 . 11 . 6 . 2 8 1 1 Terminals 75 | . 7 . . . 6 13 . . . . 9 . 2 . 6 12 1 . 4 . 7 . 1 . 1 4 1 1 Fabricators 9 | . . . . . . 1 . . . . 3 . 1 . 1 . . . . . 2 . 1 . . . . . Repair Stations 9 | . . . . . . . . . . . 2 . 1 . 1 . . . . . 1 . 2 . . 2 . . Recycling Units 5 | . 2 . . . 1 1 . . . . . . 1 . . . . . . . . . . . . . . . Scanalyzers 6 | . . . . . . 2 . . . . 1 . . . . . . . . . . . 1 . . 2 . . Garrison Access 10 | . . . . . 1 1 . . . . 2 . 1 . 1 . . . 1 . 1 . 1 . 1 . . . Total Hacks 319 | . 26 . 1 1 25 54 1 . . . 52 . 15 . 38 36 1 . 12 . 29 . 11 . 4 9 2 2 Successful 173 | . 10 . 1 1 14 28 1 . . . 41 . 11 . 20 16 1 . 3 . 14 . 7 . 3 2 . . Failed 146 | . 16 . . . 11 26 . . . . 11 . 4 . 18 20 . . 9 . 15 . 4 . 1 7 2 2 Catastrophic 23 | . 3 . . . . 5 . . . . 2 . 1 . . 3 . . 1 . 2 . . . 1 3 1 1 Database Lockouts . | . . . . . . . . . . . . . . . . . . . . . . . . . . . . . Manual 103 | . 14 . . . 5 17 . . . . 19 . 4 . 14 11 1 . 5 . 6 . . . 2 3 2 . Terminals 229 | . 24 . . . 22 42 . . . . 28 . 4 . 29 36 1 . 11 . 21 . 1 . 2 4 2 2 Fabricators 23 | . . . . . . 2 . . . . 11 . 2 . 3 . . . . . 4 . 1 . . . . . Repair Stations 28 | . . . . . . . . . . . 8 . 6 . 4 . . . . . 3 . 5 . . 2 . . Recycling Units 7 | . 2 . . . 2 1 . . . . . . 2 . . . . . . . . . . . . . . . Scanalyzers 14 | . . . . . . 6 . . . . 2 . . . . . . . . . . . 3 . . 3 . . Garrison Access 15 | . . . . . 1 3 . . . . 3 . 1 . 2 . . . 1 . 1 . 1 . 2 . . . Terminal Hacks 79 | . 6 . 1 1 11 13 1 . . . 13 . 1 . 9 13 1 . 2 . 5 . . . . 2 . . Record 1 | . . . 1 . . . . . . . . . . . . . . . . . . . . . . . . . Part Schematic 8 | . 1 . . . . 3 . . . . 1 . . . 2 . . . . . 1 . . . . . . . Prototype ID Bank 11 | . 2 . . . 5 1 . . . . 1 . . . 1 1 . . . . . . . . . . . . Open Door 9 | . . . . 1 . . 1 . . . . . . . . 5 1 . . . . . . . . 1 . . Branch Access Points 1 | . . . . . . 1 . . . . . . . . . . . . . . . . . . . . . . Terminal Index 3 | . . . . . . 1 . . . . 1 . . . 1 . . . . . . . . . . . . . Fabricator Index 2 | . . . . . . . . . . . 1 . . . . . . . . . 1 . . . . . . . Garrison Index 1 | . . . . . . . . . . . 1 . . . . . . . . . . . . . . . . . Alert Level 1 | . 1 . . . . . . . . . . . . . . . . . . . . . . . . . . . Unreport Threat 9 | . . . . . 1 1 . . . . . . 1 . 1 3 . . 1 . 1 . . . . . . . Locate Traps 13 | . 1 . . . 4 2 . . . . 2 . . . 2 2 . . . . . . . . . . . . Reprogram Traps 3 | . . . . . . . . . . . 2 . . . 1 . . . . . . . . . . . . . Hauler Manifests 1 | . . . . . 1 . . . . . . . . . . . . . . . . . . . . . . . Zone Layout 16 | . 1 . . . . 4 . . . . 4 . . . 1 2 . . 1 . 2 . . . . 1 . . Fabricator Hacks 15 | . . . . . . 1 . . . . 8 . 2 . 1 . . . . . 2 . 1 . . . . . Network Status 4 | . . . . . . 1 . . . . 1 . . . . . . . . . 1 . 1 . . . . . Load Schematic 6 | . . . . . . . . . . . 4 . 1 . . . . . . . 1 . . . . . . . Build 5 | . . . . . . . . . . . 3 . 1 . 1 . . . . . . . . . . . . . Repair Station Hacks 21 | . . . . . . . . . . . 8 . 6 . 2 . . . . . 2 . 3 . . . . . Scan Component 11 | . . . . . . . . . . . 4 . 3 . 1 . . . . . 1 . 2 . . . . . Repair 10 | . . . . . . . . . . . 4 . 3 . 1 . . . . . 1 . 1 . . . . . Recycling Unit Hacks 2 | . . . . . 1 1 . . . . . . . . . . . . . . . . . . . . . . Report Inventory 2 | . . . . . 1 1 . . . . . . . . . . . . . . . . . . . . . . Scanalyzer 8 | . . . . . . 4 . . . . 2 . . . . . . . . . . . 2 . . . . . Insert Component 4 | . . . . . . 2 . . . . 1 . . . . . . . . . . . 1 . . . . . Analyze 4 | . . . . . . 2 . . . . 1 . . . . . . . . . . . 1 . . . . . Garrison Access Hacks 12 | . . . . . 1 1 . . . . 2 . 1 . 2 . . . 1 . 1 . 1 . 2 . . . Unlock Access 5 | . . . . . . . . . . . 1 . 1 . . . . . 1 . 1 . 1 . . . . . Seal Access 5 | . . . . . 1 1 . . . . 1 . . . 1 . . . . . . . . . 1 . . . Coupler Status 2 | . . . . . . . . . . . . . . . 1 . . . . . . . . . 1 . . . Unauthorized Hacks 36 | . 4 . . . 1 8 . . . . 8 . 1 . 6 3 . . . . 4 . . . 1 . . . Terminals 29 | . 2 . . . . 8 . . . . 5 . 1 . 6 3 . . . . 3 . . . 1 . . . Assimilate 6 | . . . . . . 2 . . . . 1 . . . 2 1 . . . . . . . . . . . . Botnet 17 | . 2 . . . . 5 . . . . 3 . . . 3 1 . . . . 2 . . . 1 . . . Disrupt 1 | . . . . . . . . . . . . . . . . 1 . . . . . . . . . . . . Operators 5 | . . . . . . 1 . . . . 1 . 1 . 1 . . . . . 1 . . . . . . . Fabricators 4 | . . . . . . . . . . . 3 . . . . . . . . . 1 . . . . . . . Prioritize 1 | . . . . . . . . . . . 1 . . . . . . . . . . . . . . . . . Recompile 3 | . . . . . . . . . . . 2 . . . . . . . . . 1 . . . . . . . Repair Stations . | . . . . . . . . . . . . . . . . . . . . . . . . . . . . . Recycling Units 3 | . 2 . . . 1 . . . . . . . . . . . . . . . . . . . . . . . Reject 1 | . . . . . 1 . . . . . . . . . . . . . . . . . . . . . . . Tunnel 2 | . 2 . . . . . . . . . . . . . . . . . . . . . . . . . . . Scanalyzers . | . . . . . . . . . . . . . . . . . . . . . . . . . . . . . Garrison Access . | . . . . . . . . . . . . . . . . . . . . . . . . . . . . . Data Cores Recovered . | . . . . . . . . . . . . . . . . . . . . . . . . . . . . . Used . | . . . . . . . . . . . . . . . . . . . . . . . . . . . . . Hacking Detections 91 | . 7 . . . 6 15 . . . . 11 . 5 . 7 11 2 . 5 . 9 . 2 . 2 7 1 1 Full Trace Events 10 | . 1 . . . . 3 . . . . . . 1 . 2 1 . . . . 1 . . . . . . 1 Feedback Events 1 | . . . . . . 1 . . . . . . . . . . . . . . . . . . . . . . Corruption 1 | . . . . . . 1 . . . . . . . . . . . . . . . . . . . . . . Feedback Blocked . | . . . . . . . . . . . . . . . . . . . . . . . . . . . . . Robot Schematics Acquired 4 | . . . . . . . . . 3 . . . . . . . . . . . . . . . . 1 . . Robots Built 2 | . . . . . . . . . . . . . . . 2 . . . . . . . . . . . . . Authchips . | . . . . . . . . . . . . . . . . . . . . . . . . . . . . . Time 84 | . . . . . . . . . . . . . . . 84 . . . . . . . . . . . . . Total Robot Build Rating 12 | . . . . . . . . . . . . . . . 12 . . . . . . . . . . . . . Part Schematics Acquired 43 | . 1 . . . . 5 . . 16 . 2 . . . 2 . . . . . 1 . 1 . . 15 . . Parts Built 5 | . . . . . . . . . . . 3 . 2 . . . . . . . . . . . . . . . Authchips 2 | . . . . . . . . . . . 2 . . . . . . . . . . . . . . . . . Time 217 | . . . . . . . . . . . 164 . 53 . . . . . . . . . . . . . . . Total Part Build Rating 31 | . . . . . . . . . . . 19 . 12 . . . . . . . . . . . . . . . Parts Repaired 10 | . . . . . . . . . . . 4 . 3 . 1 . . . . . 1 . 1 . . . . . Time 522 | . . . . . . . . . . . 246 . 176 . 28 . . . . . 22 . 50 . . . . . Parts Recycled . | . . . . . . . . . . . . . . . . . . . . . . . . . . . . . Recycled Matter . | . . . . . . . . . . . . . . . . . . . . . . . . . . . . . Retrieved Matter . | . . . . . . . . . . . . . . . . . . . . . . . . . . . . . Retrieved Components . | . . . . . . . . . . . . . . . . . . . . . . . . . . . . . Parts Scanalyzed 4 | . . . . . . 2 . . . . 1 . . . . . . . . . . . 1 . . . . . Part Schematics Acquired 4 | . . . . . . 2 . . . . 1 . . . . . . . . . . . 1 . . . . . Parts Damaged 1 | . . . . . . . . . . . 1 . . . . . . . . . . . . . . . . . Bothacking | -11 -10 -10 -10 -9 -8 -7 -7 -7 -7 -6 -6 -6 -6 -6 -5 -5 -5 -5 -5 -5 -4 -4 -4 -4 -3 -3 -2 -1 ------------ Run | Scr Mat Min Exi Min Mat Fac Low Low Zio Pro Fac Gar Fac Gar Fac Ext Cet Arc Hub Gar Fac Gar Fac Gar Res Tes Res Acc Used RIF Installer 5 | . . . . . . . . . . . . 1 . 1 . . . . . 1 . 1 . 1 . . . . Coupler Efficiency 1 | . . . . . . . . . . . . . . . . . . . . . . . . 1 . . . . Hotswap 1 | . . . . . . . . . . . . . . 1 . . . . . . . . . . . . . . Signal Jammer 1 | . . . . . . . . . . . . . . . . . . . . . . 1 . . . . . . Program Shield 1 | . . . . . . . . . . . . . . . . . . . . 1 . . . . . . . . Robots Hacked 136 | . . . 4 . . . . . . . . . 7 3 . 2 . . . 11 31 5 16 13 6 24 9 5 Non-combat 38 | . . . 3 . . . . . . . . . 3 . . . . . . . 7 . 10 . 3 9 3 . Combat 98 | . . . 1 . . . . . . . . . 4 3 . 2 . . . 11 24 5 6 13 3 15 6 5 Robot Hacks Applied 159 | . . . 4 . . . . . . . . . 9 3 . 3 . . . 13 38 5 21 13 6 29 10 5 parse_system 11 | . . . 4 . . . . . . . . . . . . 3 . . . . 1 . . . . 3 . . no_distress 3 | . . . . . . . . . . . . . . . . . . . . . 1 . . . 1 1 . . ignore_repairs 7 | . . . . . . . . . . . . . . . . . . . . . . . 4 . . 1 2 . find_fabricator 1 | . . . . . . . . . . . . . 1 . . . . . . . . . . . . . . . drop_inventory 4 | . . . . . . . . . . . . . 1 . . . . . . . . . 2 . . 1 . . find_recycling 2 | . . . . . . . . . . . . . . . . . . . . . 1 . . . . . 1 . ignore_parts 10 | . . . . . . . . . . . . . . . . . . . . . 2 . 3 . 1 3 1 . find_station 1 | . . . . . . . . . . . . . 1 . . . . . . . . . . . . . . . purge_threat 11 | . . . . . . . . . . . . . 1 . . . . . . . 3 . 4 . . 3 . . locate_traps 1 | . . . . . . . . . . . . . . . . . . . . . . . . . . 1 . . reprogram_traps 2 | . . . . . . . . . . . . . . . . . . . . . 1 . . . . 1 . . block_reporting 2 | . . . . . . . . . . . . . . . . . . . . . 2 . . . . . . . map_route 3 | . . . . . . . . . . . . . . . . . . . . . 1 . 1 . 1 . . . find_scanalyzer 1 | . . . . . . . . . . . . . . . . . . . . . . . . . . 1 . . disable_scanner 3 | . . . . . . . . . . . . . . . . . . . . . . . . . . 3 . . find_garrison 2 | . . . . . . . . . . . . . . . . . . . . . 1 . 1 . . . . . disrupt_area 1 | . . . . . . . . . . . . . . . . . . . . . . . . . . . 1 . wipe_record 1 | . . . . . . . . . . . . . . . . . . . . 1 . . . . . . . . reboot_system 8 | . . . . . . . . . . . . . 2 . . . . . . 1 1 . . 1 . 2 1 . overwrite_iff 30 | . . . . . . . . . . . . . . 1 . . . . . 7 11 2 3 5 . . 1 . streamctrl_low 1 | . . . . . . . . . . . . . . . . . . . . . 1 . . . . . . . formatsys_low 2 | . . . . . . . . . . . . . 1 . . . . . . . 1 . . . . . . . formatsys_high 52 | . . . . . . . . . . . . . 2 2 . . . . . 4 11 3 3 7 3 9 3 5 Relay Couplers Released 49 | . . . . . . . . . . . . 5 . 6 2 . . . . 13 2 7 . 14 . . . . Machine Destruction 49 | . . . . . . . . . . . . 5 . 6 2 . . . . 13 2 7 . 14 . . . . Attached 24 | . . . . . . . . . . . . . 3 1 . . . . . 7 2 3 1 2 1 3 1 . Fabnet Peak Effective % . | . . . . . . . . . . . . . . . . . . . . . . . . . . . . . Robots Rewired 28 | . . . . . . . . . . 2 . . . . . 23 . . . . . . . . . 3 . . Allies Hacked 17 | . . . . . . . . . . . . . . . . . . . . . 5 . . . . 9 1 2 Hacks Repelled . | . . . . . . . . . . . . . . . . . . . . . . . . . . . . . Allies | -11 -10 -10 -10 -9 -8 -7 -7 -7 -7 -6 -6 -6 -6 -6 -5 -5 -5 -5 -5 -5 -4 -4 -4 -4 -3 -3 -2 -1 -------- Run | Scr Mat Min Exi Min Mat Fac Low Low Zio Pro Fac Gar Fac Gar Fac Ext Cet Arc Hub Gar Fac Gar Fac Gar Res Tes Res Acc Total Allies 142 | . . . . . . 2 . . . 2 . . 3 3 3 31 5 . . 9 28 5 6 12 3 18 5 7 Largest Group 18 | . . . . . . 1 1 . . 2 . . 2 1 3 18 10 9 5 3 5 2 5 8 8 11 5 3 Highest-Rated Group 740 | . . . . . . 26 10 . . 58 . . 61 37 129 589 740 712 344 147 320 94 200 318 406 715 533 326 Highest-Rated Ally 178 | . . . . . . 26 10 . . 29 . . 47 37 46 159 159 151 96 49 137 49 49 49 64 82 178 178 Total Orders 75 | . . . . . . . . . . . . . 2 1 3 2 9 . . 4 14 2 8 15 3 10 2 . STAY 43 | . . . . . . . . . . . . . 1 1 2 1 3 . . 2 7 1 4 10 2 8 1 . ROAM 5 | . . . . . . . . . . . . . . . . . 4 . . . . . . 1 . . . . FOLLOW 25 | . . . . . . . . . . . . . . . 1 1 2 . . 2 6 1 4 4 1 2 1 . AID 2 | . . . . . . . . . . . . . 1 . . . . . . . 1 . . . . . . . Ally Attacks 1141 | . . . . . . . . . . 5 . . 9 14 7 237 56 17 62 35 187 24 34 44 48 187 125 50 Total Damage 35264 | . . . . . . . . . . 76 . . 139 309 309 4747 2027 541 2541 418 6345 441 972 855 1684 6634 5499 1727 Kills 237 | . . . . . . . . . . . . . 1 3 3 34 10 3 15 3 46 5 11 13 10 43 25 12 Allies Corrupted 5 | . . . . . . . . . . . . . . . . . . . . . 1 . . . . 4 . . Allies Melted . | . . . . . . . . . . . . . . . . . . . . . . . . . . . . . Intel | -11 -10 -10 -10 -9 -8 -7 -7 -7 -7 -6 -6 -6 -6 -6 -5 -5 -5 -5 -5 -5 -4 -4 -4 -4 -3 -3 -2 -1 ------- Run | Scr Mat Min Exi Min Mat Fac Low Low Zio Pro Fac Gar Fac Gar Fac Ext Cet Arc Hub Gar Fac Gar Fac Gar Res Tes Res Acc Robot Analysis Total . | . . . . . . . . . . . . . . . . . . . . . . . . . . . . . Derelict Logs Recovered 9 | . . . . 2 . . 3 2 . 2 . . . . . . . . . . . . . . . . . . Drone Launches . | . . . . . . . . . . . . . . . . . . . . . . . . . . . . . Drone Recoveries . | . . . . . . . . . . . . . . . . . . . . . . . . . . . . . Exploration | -11 -10 -10 -10 -9 -8 -7 -7 -7 -7 -6 -6 -6 -6 -6 -5 -5 -5 -5 -5 -5 -4 -4 -4 -4 -3 -3 -2 -1 ------------- Run | Scr Mat Min Exi Min Mat Fac Low Low Zio Pro Fac Gar Fac Gar Fac Ext Cet Arc Hub Gar Fac Gar Fac Gar Res Tes Res Acc Turns Passed 28870 | 55 804 326 299 651 1652 3108 799 651 588 1365 1496 547 855 1202 362 1310 262 193 455 2075 2714 1322 562 1539 611 1766 583 718 Spaces Moved 21951 | 39 551 216 246 367 941 2066 1313 1109 993 1049 1584 441 987 858 522 1313 172 91 241 1107 1526 769 345 887 375 1301 369 173 Core 1 | 1 . . . . . . . . . . . . . . . . . . . . . . . . . . . . Treads 3271 | 2 7 . . 10 . 3 . . . . . . . . . . 27 91 241 1107 795 769 98 . 115 . . 6 Legs 3016 | . . . . . . . . . . . . . . . . . . . . . . . 247 887 196 1196 369 121 Wheels 4736 | 36 544 216 246 357 941 1450 . . . . . . . . . . . . . . 731 . . . 64 105 . 46 Hover 10689 | . . . . . . 613 1313 1109 993 1049 1346 441 987 858 522 1313 145 . . . . . . . . . . . Flight 238 | . . . . . . . . . . . 238 . . . . . . . . . . . . . . . . . Fastest Speed 31 | 50 95 115 110 120 110 43 43 43 45 103 31 64 58 50 58 53 52 163 163 163 100 152 120 120 120 96 95 105 Average Speed 98 | 101 105 115 115 148 131 112 43 44 56 103 66 66 65 57 58 61 71 163 163 163 137 152 129 141 141 105 105 180 Slowest Speed 560 | 160 240 125 155 240 170 560 103 103 105 103 161 68 68 58 58 128 165 165 163 165 163 155 190 190 170 170 172 248 Overloaded Moves 15 | . . . . . . . . . . . 7 . . 8 . . . . . . . . . . . . . . Propulsion Burnouts . | . . . . . . . . . . . . . . . . . . . . . . . . . . . . . Robots Hopped . | . . . . . . . . . . . . . . . . . . . . . . . . . . . . . Cave-ins Triggered . | . . . . . . . . . . . . . . . . . . . . . . . . . . . . . Exploration Rate (%) 52 | 4 93 44 65 52 75 51 92 92 83 87 33 36 15 54 12 83 59 75 34 75 38 71 16 71 10 87 15 8 Regions Visited 28 Branch Regions 12 Pre-discovered Areas 4 | . 2 . 1 1 . . . . . . . . . . . . . . . . . . . . . . . . Known Exits Taken 15 | . . . . . . 1 1 1 1 1 1 . 1 . 1 1 1 1 1 . 1 . 1 . 1 . . . Unknown Exits Taken 8 | 1 1 1 1 1 1 . . . . . . . . . . . . . . . . . . . . 1 1 . Scrap Searched 14 | . . 1 . 1 . . 3 4 4 1 . . . . . . . . . . . . . . . . . . Spaces Dug 384 | . . . . 18 3 52 26 18 1 22 43 . 33 44 8 5 16 . 3 11 40 6 9 . 7 11 4 4 Terrain Destroyed 1188 | . . . . 47 21 108 26 86 1 157 94 . 33 57 8 141 51 3 3 40 48 15 9 21 7 26 51 135 Melee 200 | . . . . . 3 41 26 6 1 22 36 . 29 9 8 5 . . 3 1 5 . . . . 5 . . Projectile 142 | . . . . 1 6 . . . . . . . 4 25 . 1 . 3 . 4 43 2 9 . 7 7 14 16 AOE 846 | . . . . 46 12 67 . 80 . 135 58 . . 23 . 135 51 . . 35 . 13 . 21 . 14 37 119 Terrain Rammed . | . . . . . . . . . . . . . . . . . . . . . . . . . . . . . Walls Destroyed . | . . . . . . . . . . . . . . . . . . . . . . . . . . . . . Machines Disabled . | . . . . . . . . . . . . . . . . . . . . . . . . . . . . . Actions | -11 -10 -10 -10 -9 -8 -7 -7 -7 -7 -6 -6 -6 -6 -6 -5 -5 -5 -5 -5 -5 -4 -4 -4 -4 -3 -3 -2 -1 --------- Run | Scr Mat Min Exi Min Mat Fac Low Low Zio Pro Fac Gar Fac Gar Fac Ext Cet Arc Hub Gar Fac Gar Fac Gar Res Tes Res Acc Total 27301 | 51 679 263 258 425 1195 2522 1494 1228 1022 1265 1885 586 1120 1439 560 1688 295 125 280 1268 1971 902 454 1160 454 1642 551 519 Wait 2274 | 2 41 26 . 16 86 113 143 67 4 123 126 64 41 470 15 202 94 6 24 35 113 46 36 130 22 58 14 157 Move 21927 | 38 550 215 245 366 940 2065 1312 1108 992 1048 1583 440 987 857 521 1312 171 90 241 1106 1526 768 345 886 374 1300 369 172 Hop . | . . . . . . . . . . . . . . . . . . . . . . . . . . . . . Pick Up 310 | 5 13 1 2 3 26 38 2 4 10 . 25 6 9 2 4 11 4 5 . 12 25 9 5 14 4 48 16 7 Fast Attach 129 | 6 7 . . 2 9 9 . . . . 15 1 2 1 . 14 . 5 . 7 18 1 3 3 8 7 3 8 Attach 149 | . 1 1 . 1 8 19 . 1 1 4 15 2 2 2 3 6 7 1 . 4 10 1 1 3 3 18 15 20 Detach 68 | . . . . . 3 1 . 1 1 1 11 . 2 3 . 3 3 2 . 1 8 . 1 1 4 4 7 11 Swap 406 | . 9 5 5 14 17 55 7 21 3 12 10 10 19 20 4 23 4 2 1 20 44 14 11 13 5 36 10 12 Drop 270 | . 10 1 2 1 22 39 2 4 9 1 17 4 7 1 2 11 1 5 . 9 29 7 5 12 10 43 10 6 Fire 1092 | . 47 14 . 22 80 62 2 14 . 23 6 4 17 38 . 58 5 7 . 54 179 42 36 50 15 110 107 100 Melee 565 | . . . 4 . 4 111 26 8 2 23 77 55 34 45 11 47 6 2 14 20 18 . 6 16 4 16 . 16 Ram . | . . . . . . . . . . . . . . . . . . . . . . . . . . . . . Kick 7 | . . . . . . . . . . . . . . . . . . . . . . . 3 . 3 1 . . Crush 5 | . 1 . . . . 2 . . . . . . . . . . . . . . 1 . . . 1 . . . Escape Stasis 44 | . . . . . . 8 . . . . . . . . . 1 . . . . . . . 25 . . . 10 Rewire 42 | . . . . . . . . . . 30 . . . . . . . . . . . 2 2 6 1 1 . . Trap 13 | . . . . . . . . . . . . . . . . . . . . . . 12 . 1 . . . . Miscellaneous . | . . . . . . . . . . . . . . . . . . . . . . . . . . . . . Route ------- -11/Scrapyard -10/Materials (discovered 5 exits: [*Mat x3] / [*Min x2]) -10/Mines (discovered 2 exits: [*Mat] / *Exi) -10/Exiles -9/Mines (discovered 2 exits: *Mat x2) -8/Materials (discovered 3 exits: *Fac x3) -7/Factory (discovered 4 exits: *Fac / *Sto / *Low x2) -7/Lower Caves -7/Lower Caves -7/Zion (discovered 2 exits: Dee / *Pro) -6/Proximity Caves -6/Factory (discovered 3 exits: *Fac x2 / Gar) -6/Garrison -6/Factory -6/Garrison (discovered 2 exits: *Fac x2) -5/Factory -5/Extension (discovered 2 exits: *Fac / *Cet) -5/Cetus -5/Archives (discovered 2 exits: *Fac / *Hub) -5/Hub_04(d) (discovered 2 exits: *Fac / Gar) -5/Garrison (discovered 3 exits: *Fac x3) -4/Factory (discovered 2 exits: *Res / Gar) -4/Garrison (discovered 3 exits: *Fac x3) -4/Factory (discovered 4 exits: *Res x2 / [*Upp] / Gar) -4/Garrison (discovered 2 exits: *Res x2) -3/Research -3/Testing -2/Research -1/Access To Epsilon Eridani History --------- Turn | Location | Event 11 | -11/Scrapyard | Discovered new exit (range 16) 56 | -11/Scrapyard | Entered Materials 133 | -10/Materials | Discovered new exit (range 8) 210 | -10/Materials | Discovered new exit (range 8) 253 | -10/Materials | Discovered new exit (range 16) 304 | -10/Materials | Build established: Mutant 440 | -10/Materials | Discovered new exit (range 14) 693 | -10/Materials | Discovered new exit (range 15) 860 | -10/Materials | Entered Mines 865 | -10/Mines | Discovered new exit (range 16) 908 | -10/Mines | Received a Rocket Launcher from a helpful Derelict 936 | -10/Mines | Assembled infested the area 1063 | -10/Mines | Core integrity fell below 50% 1179 | -10/Mines | Deemed a non-threat by the Exiles lab entrance 1179 | -10/Mines | Discovered new exit (range 6) 1186 | -10/Mines | Entered Exiles 1216 | -10/Exiles | Met 8R-AWN 1235 | -10/Exiles | Met EX-HEX 1305 | -10/Exiles | Met EX-DEC 1342 | -10/Exiles | Learned location of Zion (-7) 1361 | -10/Exiles | Met EX-BIN 1463 | -10/Exiles | Discovered new exit (range 14) 1485 | -10/Exiles | Entered Mines 1511 | -9/Mines | Learned Materials stockpile data 1538 | -9/Mines | A weapon hastily lodged in a ceiling crevice suddenly fell to the ground 1673 | -9/Mines | Discovered new exit (range 6) 1677 | -9/Mines | Discovered new exit (range 14) 1742 | -9/Mines | Met a Derelict shopkeep closing up shop 2136 | -9/Mines | Entered Materials 2136 | -8/Materials | Evolved 4 slots: Propulsion x2, Utility x2 2371 | -8/Materials | Destroyed 9 combat bots 2463 | -8/Materials | Discovered new exit (range 13) 2626 | -8/Materials | Build established: Scavenger-Mutant 3000 | -8/Materials | Build established: Mutant 3101 | -8/Materials | Discovered new exit (range 16) 3302 | -8/Materials | Garrison activated, responded to threat 3525 | -8/Materials | Discovered new exit (range 10) 3736 | -8/Materials | First assault squad dispatched 3788 | -8/Materials | Entered Factory 3788 | -7/Factory | Evolved 2 slots: Utility x2 3925 | -7/Factory | Lost 3 parts (1p1n1u) 4263 | -7/Factory | Discovered new exit (range 15) 4282 | -7/Factory | Identified exit to Factory 4654 | -7/Factory | Lost 3 parts (3n) 4799 | -7/Factory | Discovered new exit (range 7) 4807 | -7/Factory | Identified exit to Storage 4942 | -7/Factory | Build established: Scavenger-Mutant 5070 | -7/Factory | Identified exit to Lower Caves 5193 | -7/Factory | Lost 4 parts (1p2n1w) 6395 | -7/Factory | Core integrity fell below 50% 6531 | -7/Factory | Lost 8 parts (1p4n3u) 6896 | -7/Factory | Entered Lower Caves 6896 | -7/Lower Caves | Accompanied by 1 ally 6913 | -7/Lower Caves | Learned Factory emergency access door positions 7224 | -7/Lower Caves | Build established: Scavenger-Scout 7360 | -7/Lower Caves | Learned Factory non-interactive machine intel 7404 | -7/Lower Caves | Learned Factory security intel 7499 | -7/Lower Caves | Discovered new exit (range 5) 7621 | -7/Lower Caves | Encountered a Warlord checkpoint 7692 | -7/Lower Caves | Identified exit to Lower Caves 7695 | -7/Lower Caves | Entered another Lower Caves area 7746 | -7/Lower Caves | Learned 4 Factory zone layouts 8148 | -7/Lower Caves | Found Imp. Powered Armor 8234 | -7/Lower Caves | Discovered new exit (range 11) 8235 | -7/Lower Caves | Build established: Mutant 8302 | -7/Lower Caves | Learned Factory stockpile data 8304 | -7/Lower Caves | Identified exit to Zion 8346 | -7/Lower Caves | Entered Zion 8370 | -7/Zion | Discovered new exit (range 16) 8475 | -7/Zion | Given A8's code to call for help 8584 | -7/Zion | Learned Factory emergency access door positions 8595 | -7/Zion | Identified exit to Deep Caves 8645 | -7/Zion | Received a visual enhancement algorithm 8732 | -7/Zion | Found Relay Coupler [Programmer] 8734 | -7/Zion | Found Relay Coupler [Programmer] 8736 | -7/Zion | Found Relay Coupler [Programmer] 8741 | -7/Zion | Found Relay Coupler [Programmer] 8743 | -7/Zion | Found Relay Coupler [Programmer] 8775 | -7/Zion | Found Prototype Special Weapon 8780 | -7/Zion | Found Prototype Special Weapon 8903 | -7/Zion | Visited the Megawrench Repair Shop 8903 | -7/Zion | Megawrench repaired 9 parts 8932 | -7/Zion | Identified exit to Proximity Caves 8934 | -7/Zion | Entered Proximity Caves 9090 | -6/Proximity Caves | Learned location of 1 exit from Factory 9103 | -6/Proximity Caves | Spotted B-75 Beast 9235 | -6/Proximity Caves | Build established: Assassin 9836 | -6/Proximity Caves | Identified RU-N14's Throwing Claymores (x2) 9838 | -6/Proximity Caves | Attracted the attention of an 0b10 outpost 9839 | -6/Proximity Caves | Core integrity fell below 20% 9867 | -6/Proximity Caves | Destroyed 13 combat bots 10118 | -6/Proximity Caves | Build established: Mutant 10237 | -6/Proximity Caves | Discovered exit to Factory (range 4) 10275 | -6/Proximity Caves | Learned Factory non-interactive machine intel 10299 | -6/Proximity Caves | Entered Factory 10299 | -6/Factory | Evolved 2 slots: Propulsion x1, Utility x1 10300 | -6/Factory | Identified exit to Factory 10305 | -6/Factory | Loaded intel: 243 non-interactive machine locations 10462 | -6/Factory | Fabricated Adv. Component Analysis Suite (x1) 10525 | -6/Factory | Lost 4 parts (1p1n2u) 10603 | -6/Factory | Discovered exit to Factory (range 5) 10620 | -6/Factory | Build established: Hacker-Mutant 10797 | -6/Factory | Fabricated Adv. Hacking Suite? 10894 | -6/Factory | Fabricated Stasis Canceller (x1) 11038 | -6/Factory | Repaired Broken Nuclear Pulse Thruster? 11306 | -6/Factory | Repaired Imp. Powered Armor? 11452 | -6/Factory | Repaired Prc. Grenade Launcher? 11525 | -6/Factory | Repaired Imp. Reaction Control System? 11699 | -6/Factory | First assault squad dispatched 11791 | -6/Factory | Identified exit to Garrison 11795 | -6/Factory | Entered Garrison 11894 | -6/Garrison | Triggered checkpoint 12090 | -6/Garrison | Triggered checkpoint 12201 | -6/Garrison | Discovered new exit (range 8) 12205 | -6/Garrison | Identified exit to Factory 12210 | -6/Garrison | Installed Relay Interface Framework 12272 | -6/Garrison | Garrison Relay disabled 12342 | -6/Garrison | Entered Factory 12344 | -6/Factory | Loaded intel: 238 non-interactive machine locations 12502 | -6/Factory | Build established: Bothacker-Mutant 12528 | -6/Factory | Repaired Impact Mace? 12595 | -6/Factory | Repaired Imp. Powered Armor? 12685 | -6/Factory | Fabricated Cmb. Gravmag System? 13098 | -6/Factory | Repaired Cmb. Airjet? 13197 | -6/Factory | Identified exit to Garrison 13197 | -6/Factory | Entered Garrison 13197 | -6/Garrison | Accompanied by 1 ally 13217 | -6/Garrison | Spotted B-75 Beast 13228 | -6/Garrison | Triggered checkpoint 13235 | -6/Garrison | Core integrity fell below 50% 13396 | -6/Garrison | Garrison Relay disabled 13471 | -6/Garrison | Triggered checkpoint 13744 | -6/Garrison | Discovered exit to Factory (range 8) 13934 | -6/Garrison | Triggered checkpoint 14024 | -6/Garrison | Garrison Relay disabled 14065 | -6/Garrison | Triggered checkpoint 14380 | -6/Garrison | Discovered exit to Factory (range 12) 14391 | -6/Garrison | Expanded RIF knowledge: Hotswap 14399 | -6/Garrison | Entered Factory 14399 | -5/Factory | Accompanied by 1 ally 14399 | -5/Factory | Evolved 2 slots: Utility x2 14474 | -5/Factory | Repaired Imp. Powered Armor? 14575 | -5/Factory | Fabricated X-72 Disruptor? 14586 | -5/Factory | Discovered new exit (range 8) 14591 | -5/Factory | Identified exit to Extension 14761 | -5/Factory | Entered Extension 14761 | -5/Extension | Accompanied by 1 ally 14969 | -5/Extension | Rescued a captive Derelict 14970 | -5/Extension | Rescued a captive Derelict 15061 | -5/Extension | First assault squad dispatched 15270 | -5/Extension | Rescued A7 15286 | -5/Extension | Rescued a captive Derelict 15287 | -5/Extension | Rescued a captive Derelict 15299 | -5/Extension | Rescued a captive Derelict 15603 | -5/Extension | Spotted B-75 Beast 15609 | -5/Extension | Allies destroyed B-75 Beast 15625 | -5/Extension | Spotted B-75 Beast 15650 | -5/Extension | Allies destroyed B-75 Beast 15722 | -5/Extension | Rescued a captive Derelict 15723 | -5/Extension | Rescued a captive Derelict 16007 | -5/Extension | Destroyed 10 combat bots 16021 | -5/Extension | Lost 3 parts (2n1u) 16034 | -5/Extension | Discovered new exit (range 10) 16034 | -5/Extension | Discovered new exit (range 6) 16038 | -5/Extension | Identified exit to Factory 16050 | -5/Extension | Identified exit to Cetus 16071 | -5/Extension | Entered Cetus 16071 | -5/Cetus | Accompanied by 10 allies (A7) 16076 | -5/Cetus | Acquired a Cetus Manufacturing Module code from A7 16089 | -5/Cetus | Spotted Cetus Guard 16089 | -5/Cetus | Spotted Cetus Guard 16090 | -5/Cetus | Spotted Cetus Guard 16090 | -5/Cetus | Spotted Cetus Guard 16104 | -5/Cetus | Allies destroyed Cetus Guard 16114 | -5/Cetus | Allies destroyed Cetus Guard 16116 | -5/Cetus | Allies destroyed Cetus Guard 16120 | -5/Cetus | Allies destroyed Cetus Guard 16144 | -5/Cetus | Lost 6 parts (1p2n2u1w) 16149 | -5/Cetus | Started Cetus Manufacturing Module 16153 | -5/Cetus | Escorted A7 to Cetus Mainframe 16174 | -5/Cetus | Manufactured an Enhanced Grunt 16199 | -5/Cetus | Manufactured an Enhanced Grunt 16205 | -5/Cetus | Discovered new exit (range 16) 16212 | -5/Cetus | Identified exit to Archives 16224 | -5/Cetus | Manufactured an Enhanced Grunt 16249 | -5/Cetus | Manufactured an Enhanced Grunt 16274 | -5/Cetus | Manufactured an Enhanced Grunt 16333 | -5/Cetus | Entered Archives 16333 | -5/Archives | Accompanied by 9 allies (A7) 16338 | -5/Archives | Received a hacking code to weaken MAIN.C 16478 | -5/Archives | Discovered exit to Factory (range 15) 16499 | -5/Archives | Discovered new exit (range 15) 16523 | -5/Archives | Identified exit to Hub_04(d) 16526 | -5/Archives | Entered Hub_04(d) 16526 | -5/Hub_04(d) | Accompanied by 5 allies 16696 | -5/Hub_04(d) | Discovered exit to Factory (range 9) 16981 | -5/Hub_04(d) | Identified exit to Garrison 16981 | -5/Hub_04(d) | Entered Garrison 17026 | -5/Garrison | Triggered checkpoint 17076 | -5/Garrison | Triggered checkpoint 17157 | -5/Garrison | Spotted B-75 Beast 17163 | -5/Garrison | Triggered checkpoint 17199 | -5/Garrison | Destroyed 8 combat bots 17283 | -5/Garrison | Garrison Relay disabled 17428 | -5/Garrison | Allies destroyed B-75 Beast 17451 | -5/Garrison | Lost 3 parts (1n2u) 17644 | -5/Garrison | Discovered exit to Factory (range 13) 17708 | -5/Garrison | Triggered checkpoint 17763 | -5/Garrison | Garrison Relay disabled 17932 | -5/Garrison | Discovered exit to Factory (range 15) 18300 | -5/Garrison | Triggered checkpoint 18343 | -5/Garrison | Garrison Relay disabled 18442 | -5/Garrison | Triggered checkpoint 18520 | -5/Garrison | Discovered exit to Factory (range 10) 18543 | -5/Garrison | Expanded RIF knowledge: Program Shield 19056 | -5/Garrison | Entered Factory 19056 | -4/Factory | Accompanied by 3 allies 19056 | -4/Factory | Evolved 2 slots: Utility x2 19622 | -4/Factory | Sage 7c assimilated hostile H-71 Marshal 19962 | -4/Factory | Spotted B-86 Titan 20196 | -4/Factory | Repaired Imp. Cooling System? 20605 | -4/Factory | Spotted B-86 Titan 20891 | -4/Factory | Sage 7e assimilated hostile L-61 Swordsman 21030 | -4/Factory | Allies destroyed B-86 Titan 21118 | -4/Factory | Found Quantum Capacitor 21506 | -4/Factory | Sage 7e assimilated hostile G-67 Veteran 21514 | -4/Factory | Sage 7e assimilated hostile G-67 Veteran 21519 | -4/Factory | Garrison activated, responded to threat 21556 | -4/Factory | First assault squad dispatched 21715 | -4/Factory | Cargo convoy interrupted 21719 | -4/Factory | Spotted Striker 21739 | -4/Factory | Destroyed Striker 21762 | -4/Factory | Discovered new exit (range 17) 21770 | -4/Factory | Identified exit to Garrison 21770 | -4/Factory | Entered Garrison 21866 | -4/Garrison | Triggered checkpoint 21893 | -4/Garrison | Garrison Relay disabled 22080 | -4/Garrison | Triggered checkpoint 22118 | -4/Garrison | Discovered new exit (range 9) 22234 | -4/Garrison | Triggered checkpoint 22273 | -4/Garrison | Destroyed 7 combat bots 22346 | -4/Garrison | Discovered new exit (range 17) 22516 | -4/Garrison | Discovered new exit (range 19) 22559 | -4/Garrison | Expanded RIF knowledge: Signal Jamming 23006 | -4/Garrison | Triggered checkpoint 23021 | -4/Garrison | Garrison Relay disabled 23045 | -4/Garrison | Build established: Botlord-Mutant 23092 | -4/Garrison | Entered Factory 23092 | -4/Factory | Accompanied by 1 ally 23127 | -4/Factory | Discovered new exit (range 14) 23340 | -4/Factory | Discovered new exit (range 14) 23367 | -4/Factory | Repaired Imp. System Restoration Module? 23596 | -4/Factory | Garrison activated, responded to threat 23638 | -4/Factory | Discovered new exit (range 18) 23654 | -4/Factory | Identified exit to Garrison 23654 | -4/Factory | Entered Garrison 23654 | -4/Garrison | Accompanied by 2 allies 23660 | -4/Garrison | Expanded RIF knowledge: Coupler Efficiency 23706 | -4/Garrison | Triggered checkpoint 23716 | -4/Garrison | Garrison Relay disabled 23854 | -4/Garrison | Triggered checkpoint 23888 | -4/Garrison | Triggered checkpoint 24099 | -4/Garrison | Spotted B-86 Titan 24138 | -4/Garrison | Discovered new exit (range 19) 24216 | -4/Garrison | Triggered checkpoint 24286 | -4/Garrison | Garrison Relay disabled 24476 | -4/Garrison | Triggered checkpoint 24527 | -4/Garrison | Garrison Relay disabled 24580 | -4/Garrison | Discovered new exit (range 11) 24713 | -4/Garrison | Triggered checkpoint 24798 | -4/Garrison | Triggered checkpoint 24852 | -4/Garrison | Garrison Relay disabled 25193 | -4/Garrison | Entered Research 25193 | -3/Research | Accompanied by 8 allies 25193 | -3/Research | Evolved 2 slots: Utility x1, Weapon x1 25308 | -3/Research | Lost 3 parts (1n1u1w) 25423 | -3/Research | Discovered new exit (range 29) 25567 | -3/Research | Identified exit to Testing 25621 | -3/Research | Spotted B-86 Titan 25693 | -3/Research | First assault squad dispatched 25804 | -3/Research | Entered Testing 25804 | -3/Testing | Accompanied by 7 allies 26030 | -3/Testing | Found Prototype Leg 26035 | -3/Testing | Identified Myomer Exoskeleton 26145 | -3/Testing | Discovered new exit (range 20) 26374 | -3/Testing | Master 8b assimilated hostile C-55 Analyst 26521 | -3/Testing | Spotted PY-P9E956SUKV 26537 | -3/Testing | Allies destroyed PY-P9E956SUKV 26708 | -3/Testing | Found Prototype Energy Cannon 26719 | -3/Testing | Identified Disintegrator 26738 | -3/Testing | Master 8b assimilated hostile G-67 Veteran 26914 | -3/Testing | Master 8d assimilated hostile H-77 Assassin 26917 | -3/Testing | Master 8e assimilated hostile H-77 Assassin 27001 | -3/Testing | Spotted PX-FRZN232AYE 27005 | -3/Testing | Allies destroyed PX-FRZN232AYE 27040 | -3/Testing | Found Prototype Energy Cannon 27045 | -3/Testing | Identified Cld. Nova Cannon 27079 | -3/Testing | Found Imp. Potential Cannon 27082 | -3/Testing | Found Imp. Potential Cannon 27101 | -3/Testing | Build established: Bothacker-Mutant 27242 | -3/Testing | Found Prototype Device 27243 | -3/Testing | Identified Exp. Focal Shield 27307 | -3/Testing | Found Prototype Slashing Weapon 27322 | -3/Testing | Identified Nanosword 27496 | -3/Testing | Found Prototype Protection 27498 | -3/Testing | Found Prototype Protection 27500 | -3/Testing | Identified Med. Regenerative Plating (x2) 27502 | -3/Testing | Found Med. Regenerative Plating 27504 | -3/Testing | Found Prototype Protection 27563 | -3/Testing | System corruption reached 10% 27564 | -3/Testing | System corruption reached 30% 27570 | -3/Testing | Entered Research 27570 | -2/Research | Accompanied by 2 allies 27570 | -2/Research | Evolved 2 slots: Power x1, Propulsion x1 27717 | -2/Research | Spotted B-90 Cyclops 27755 | -2/Research | Spotted B-90 Cyclops 27759 | -2/Research | Garrison activated, responded to threat 27784 | -2/Research | Master 9a assimilated hostile B-90 Cyclops 28022 | -2/Research | Identified SHELL Armor 28030 | -2/Research | High security lockdown imminent 28049 | -2/Research | Lost 5 parts (1p3u1w) 28100 | -2/Research | Discovered new exit (range 9) 28110 | -2/Research | High security lockdown engaged 28153 | -2/Research | Entered Access 28153 | -1/Access | Accompanied by 2 allies 28153 | -1/Access | Evolved 2 slots: Utility x2 28290 | -1/Access | Destroyed 7 combat bots 28347 | -1/Access | Found Quantum Capacitor 28423 | -1/Access | Lost 3 parts (1p1n1u) 28443 | -1/Access | First assault squad dispatched 28572 | -1/Access | Lost 7 parts (4n2u1w) 28622 | -1/Access | Discovered new exit (range 3) 28629 | -1/Access | High security lockdown imminent 28709 | -1/Access | High security lockdown engaged 28830 | -1/Access | Build established: Mutant 28832 | -1/Access | Destroyed 7 combat bots 28871 | *** | Escaped! Last Messages --------------- 28857_ Sml. Battery melted. 28857_ P-80 Master destroyed. 28857_ I-47 Archangel destroyed. 28857_ G-73 Enforcer destroyed. 28857_ P-80 Master destroyed. 28859_ P-80 Master repels hacking attempt. 28861_ Adv. Remote Datajack destroyed. 28861_ U-05 Engineer lays Concrete. 28863_ Ended siege mode. 28863_ P-80 Master repels hacking attempt. 28864_ U-05 Engineer lays Concrete. 28864_ P-80 Master repels hacking attempt. 28864_ U-05 Engineer lays Concrete. 28865_ P-80 Master repels hacking attempt. 28865_ U-05 Engineer lays Concrete. 28866_ Z U FYER| U<%CUPHAF7BEB 28866_ U-05 Engineer builds a Wall. 28866_ U-05 Engineer lays Concrete. 28870_ U-05 Engineer builds a Wall. 28870_ U-05 Engineer lays Concrete. Map ----- +----------------------------------------------------+ | ?????????????????????????????????????????????????? | | ?????????????????????????????????????????????????? | | ?????????????????????????????????????????????????? | | ?????????????????????????????????????????????????? | | ?????????????????????????????????????????????????? | | ?????????????????????????????????????????????????? | | ?????????????????????????????????????????????????? | | ?????????????????????????????????????????????????? | | ?????????????????????????????????????????????????? | | ?????????????????????????????????????????????????? | | ?????????????????????????????????????????????????? | | ?????????????????????????????????????????????????? | | ?????????????????????????????????????????????????? | | ?????????????????????????????????????????????????? | | ??????????? ?????????????????????????????????????? | | ??????????# ????????????????????????????????????? | | ??????????# ????????????????????????????????????? | | ??????????# ????????????????????????????????????? | | ??????????# #???????????????????????????????????? | | ??????????" ""#####"######??????????????????????? | | ??????????" T"""" ???????????????????????? | | ??????????" !%%! " ????????????????????????? | | ????????? " %*==[ " """"""????????????????????? | | ????????? "%%!!! " " "????????????????????? | | ????????# " = * " "" "????????????????????? | | ???????? " @" "????????????????????? | | ???????? % = b % "????????????????????? | | ???????? % % " "" "??????????????????? | | ???????? [# =g %= "??????????????????? | | ????????? #u/==[%!= " "??????????????????? | | ?????????[=!%#######"##########??????????????????? | | ??????????"*%#!!#????????????????????????????????? | | ??????????"!%#! ####?????????????????????????????? | | ??????????#%"# """T"????????????????????????????? | | ??????????#%!# """ """ ????????????????????????? | | ??#######?#% + ????????????????????? | | ?# ?# # ????????????????????? | | ?# ?# # ????????????????????? | | ?# # # ?????????????????????? | | ?# " # # ?????????????????????? | | ?# """ # # ?????????????###??????? | | ?# """ # #= ???????????? #??????? | | ?# " " "##?##########????????#?? ???? | | ?# " " ## #????????######### ??? | | ?# "[ " # #?????????# # ?? | | #########"#%%""!#??????????# # ?? | | "*!!%"##??????????# # "?? | | "! = #%#??????????# + ??? | | " [ ############## # ??? | | #!!=*!%! # %=*=???? | +----------------------------------------------------+ Best States ------------- Heat Dissipation 152 Coolant Potential 100 Energy Generation 49 Energy Capacity 1250 Matter Stores 300 Matter Capacity 300 Sight Range 20 Robot Scan Range 16 Terrain Scan Range 24 Terrain Scan Density 210 Armor Coverage 2250 Resistance: KI 30 Resistance: TH 30 Weapon Shielding 66 Phase Shifting 15 Evasion (%) 63 Targeting Accuracy 6 Melee Accuracy 14 Recoil Reduction 5 Offensive Hacking 32 Defensive Hacking 12 Relay Coupler Types 5 Relay Coupler Value 203 Authchip Count 1 Item Schematics ----------------- Hcp. Storage Unit | -10/Materials | Hacked Adv. Hacking Suite | -7/Factory | Hacked Hvy. Particle Gun | -7/Factory | Scanalyzed Cld. Airjet | -7/Factory | Scanalyzed Cmb. Gravmag System | -7/Factory | Hacked Power Maul | -7/Factory | Hacked Imp. Deuterium Engine | -7/Zion | Archive Plasma Rifle | -7/Zion | Archive Med. Treads | -7/Zion | Archive Imp. System Restoration Module | -7/Zion | Archive Arc Projector | -7/Zion | Archive Fission Core | -7/Zion | Archive Spear | -7/Zion | Archive Imp. Component Analysis Suite | -7/Zion | Archive Imp. Corruption Screen | -7/Zion | Archive Imp. EM Pulse Cannon | -7/Zion | Archive Imp. Cryofiber Web | -7/Zion | Archive Matter Filter | -7/Zion | Archive Imp. Trap Scanner | -7/Zion | Archive Gravmag System | -7/Zion | Archive Stasis Canceller | -7/Zion | Archive Lrn. Phase Cannon | -7/Zion | Archive Imp. Remote Datajack | -6/Factory | Hacked Nuclear Pulse Thruster | -6/Factory | Scanalyzed Impulse Thruster Array | -5/Factory | Hacked Antimissile System | -5/Factory | Hacked Nanoactuators | -4/Factory | Hacked Hvy. Neutron Cannon | -4/Factory | Scanalyzed Helical Railgun | -3/Testing | Archive Exp. Signal Interpreter | -3/Testing | Archive Spectral Analyzer | -3/Testing | Archive Imp. Diametric Drive | -3/Testing | Archive Adv. Gravity Neutralizer | -3/Testing | Archive Hvy. Wave Gun | -3/Testing | Archive Hvy. Hardcell Cannon | -3/Testing | Archive Centrium Heavy Treads | -3/Testing | Archive Fusion Reactor | -3/Testing | Archive Electron Diverter | -3/Testing | Archive Diametric Drive | -3/Testing | Archive Exp. Optical Array | -3/Testing | Archive Hvy. Proton Missile Launcher | -3/Testing | Archive Exp. Shield Generator | -3/Testing | Archive Thermal Defense Suite | -3/Testing | Archive Robot Schematics ------------------ B-48 Gladiator | -7/Zion | Archive S-27 Virus | -7/Zion | Archive X-57 Shotgunner | -7/Zion | Archive A-27 Freighter | -3/Testing | Archive Fabricated ------------ Adv. Component Analysis Suite | x1 | -6/Factory | Preloaded Adv. Hacking Suite | x1 | -6/Factory | Authchip Stasis Canceller | x1 | -6/Factory | Authchip Cmb. Gravmag System | x2 | -6/Factory X-72 Disruptor | x2 | -5/Factory | Preloaded Alien Tech Used ----------------- None Achievements -------------- None Challenges ------------ None Game ------ Seed PotentialDeepDatajack Manual? 0 Play Time 07:24:43 Cumulative 328.4 hours Start 2022.06.08 @ 22:16:20 End 2022.06.09 @ 18:21:57 Sessions 5 Manual Loads 0 Difficulty Rogue Special Mode None Game No. 90 Rogue 90 Adventurer 0 Explorer 0 Win Type 0 Total 16 Types 14/0/2/0/0/0/0/0/0 Lore% 88 Gallery% 90 Achievement% 74 Wizard Run 0 Options --------- ASCII 0 Keyboard 0 Movement Numpad Keybinds 0 Fullscreen 1 Font 14/SmallcapsGlow Map View 84x54 Tactical HUD 1 Map Filters NONE Filters NONE Steam 1 RUN: ffd1f1ea-d8ce-43a2-8d76-13aeba9dcaf5